Map: Terrasses de Prion

Players

Inseec - Winner!

  • Race: Protoss Protoss
  • League: Bronze

Kamikenny

  • Race: Protoss Protoss
  • League: Silver

VOD

Have the link to the VOD?

Description

Time

  • Played on: Dec. 26, 2015, 6:35 p.m.
  • Length: 11:40
Show
View Real Time Build Order
Export as new Build Order

Inseec Protoss - Winner!

Build Orders: Oracle Opening 

Get SALT Encoding   

  12  0:01  Probe (Chrono Boost)  
  14  0:14  Probe (Chrono Boost)  
  14  0:20  Pylon  
  14  0:25  Probe (Chrono Boost)  
  15  0:33  Assimilator  
  15  0:39  Probe (Chrono Boost)  
  16  0:49  Gateway  
  16  0:51  Probe (Chrono Boost)  
  17  1:03  Probe (Chrono Boost)  
  18  1:10  Assimilator  
  18  1:13  Probe (Chrono Boost)  
  19  1:24  Probe (Chrono Boost)  
  20  1:34  Probe (Chrono Boost)  
  20  1:37  Cybernetics Core  
  21  1:42  Pylon  
  21  1:45  Probe (Chrono Boost)  
  22  2:08  Probe (Chrono Boost)  
  22  2:16  Stargate  
  22  2:19  Gateway  
  22  2:22  Gateway  
  22  2:24  Warp Gate (Chrono Boost)  
  22  2:45  Mothership Core  
  24  2:59  Oracle (Chrono Boost)  
  27  3:07  Nexus  
  27  3:18  Probe  
  28  3:31  Oracle (Chrono Boost)  
  31  3:44  Robotics Facility  
  31  4:22  Probe  
  32  4:32  Probe  
  32  4:35  Pylon  
  32  4:36  Pylon  
  33  4:43  Probe  
  34  4:47  Pylon  
  34  4:53  Probe, Pylon  
  34  4:54  Stalker x2  
  34  4:55  Stalker  
  41  5:04  Probe  
  43  5:07  Gateway, Observer  
  43  5:14  Probe  
  44  5:28  Observer  
  45  5:39  Probe  
  46  5:43  Stalker x2  
  46  5:44  Stalker  
  52  5:50  Probe  
  52  5:53  Immortal  
  57  6:00  Probe  
  58  6:11  Probe  
  59  6:26  Probe  
  59  6:30  Assimilator  
  60  6:34  Forge  
  60  6:36  Probe  
  61  6:42  Forge, Pylon  
  61  6:46  Nexus, Pylon  
  61  6:47  Probe  
  61  6:51  Void Ray (Chrono Boost)  
  66  6:57  Probe  
  67  7:08  Probe  
  68  7:18  Probe  
  69  7:23  Stalker x2  
  69  7:24  Stalker x2  
  69  7:28  Immortal  
  81  7:53  Stalker x4  
  89  7:59  Pylon  
  89  8:07  Immortal  
  81  8:24  Void Ray (Chrono Boost)  
  85  8:30  Stalker  
  85  8:31  Stalker  
  85  8:32  Stalker  
  91  8:57  Probe  
  91  9:01  Nexus  
  92  9:04  Protoss Ground Weapons Level 1  
  92  9:08  Probe  
  97  9:10  Immortal  
  97  9:18  Probe  
  97  9:23  Assimilator  
  98  9:24  Probe  
  98  9:29  Probe  
  100  9:34  Probe  
  101  9:40  Probe  
  101  9:44  Mothership Core  
  98  10:13  Void Ray (Chrono Boost)  
  102  10:18  Stalker x2  
  102  10:19  Stalker x2  
  110  10:32  Probe  
  111  10:43  Probe  
  111  10:48  Assimilator  
  112  10:50  Void Ray (Chrono Boost)  
  112  10:53  Probe  
  112  10:55  Assimilator  
  117  11:04  Probe  
  118  11:15  Probe  
Show
View Real Time Build Order
Export as new Build Order

Kamikenny Protoss 

Build Orders: Nexus First, Zealot Archon 

Get SALT Encoding   

  12  0:01  Probe (Chrono Boost)  
  13  0:14  Pylon  
  13  0:22  Probe (Chrono Boost)  
  14  0:33  Probe (Chrono Boost)  
  15  0:45  Probe (Chrono Boost)  
  16  1:03  Nexus  
  16  1:05  Probe (Chrono Boost)  
  17  1:16  Gateway, Probe (Chrono Boost)  
  18  1:24  Assimilator  
  18  1:27  Probe (Chrono Boost)  
  19  1:37  Probe (Chrono Boost)  
  20  1:43  Assimilator  
  20  1:48  Probe (Chrono Boost)  
  20  1:52  Pylon  
  21  2:00  Probe (Chrono Boost)  
  22  2:10  Probe (Chrono Boost)  
  22  2:13  Cybernetics Core  
  22  2:15  Probe (Chrono Boost)  
  24  2:21  Probe (Chrono Boost)  
  25  2:25  Probe (Chrono Boost)  
  25  2:26  Gateway  
  26  2:31  Probe (Chrono Boost)  
  26  2:36  Probe (Chrono Boost)  
  28  2:42  Probe (Chrono Boost), Pylon  
  29  2:45  Probe (Chrono Boost)  
  29  2:49  Warp Gate (Chrono Boost)  
  30  2:53  Mothership Core  
  30  2:56  Stalker  
  34  2:58  Probe  
  35  3:13  Stalker  
  35  3:19  Probe  
  37  3:21  Probe  
  39  3:30  Probe, Robotics Facility  
  39  3:33  Probe  
  41  3:35  Stalker  
  41  3:40  Probe  
  43  3:45  Probe  
  43  3:47  Assimilator  
  45  3:50  Twilight Council  
  45  3:51  Probe, Assimilator  
  46  3:58  Probe  
  46  4:02  Probe  
  47  4:06  Stalker x2  
  44  4:28  Pylon  
  44  4:41  Probe  
  44  4:42  Pylon  
  44  4:43  Probe  
  46  5:02  Dark Shrine  
  46  5:03  Probe  
  46  5:04  Immortal  
  51  5:08  Stalker x2  
  55  5:16  Gateway  
  55  5:19  Gateway, Probe  
  55  5:21  Probe  
  44  5:54  Forge  
  44  5:56  Forge  
  44  6:02  Probe  
  44  6:04  Probe  
  46  6:15  Dark Templar x3  
  46  6:16  Probe  
  53  6:28  Protoss Ground Weapons Level 1  
  53  6:34  Photon Cannon  
  53  6:37  Photon Cannon  
  53  6:42  Photon Cannon  
  53  6:44  Probe  
  53  6:46  Photon Cannon  
  54  6:51  Dark Templar  
  51  7:25  Dark Templar  
  53  7:40  Archon  
  53  7:41  Archon  
  53  7:44  Zealot x3  
  53  7:48  Charge (Chrono Boost)  
  44  8:21  Dark Templar  
  44  8:23  Zealot x3  
  44  8:25  Probe  
  44  8:26  Probe  
  54  8:35  Probe  
  54  8:38  Probe  
  54  8:46  Probe  
  55  8:50  Probe  
  56  8:56  Probe  
  56  9:02  Probe  
  58  9:07  Probe  
  59  9:14  Probe  
Tags
 
Add a new tag
Caveats
  • Supply blocks, unpowered buildings, or Contaminate may cause inaccurate times.
  • Supply counts are checked every 10 seconds.